 Dungeon Crawl Stone Soup version 0.27.1 (webtiles) character file.

Game seed: 4700450182330649942

321 AIAndy the Covert (level 6, -2/47 HPs)
             Began as a Gnoll Delver on Aug 26, 2021.
             Was a Follower of Hepliaklqana.
             Slain by Pikel (10 damage)
             ... on level 3 of the Dungeon.
             The game lasted 00:17:14 (3776 turns).

AIAndy the Covert (Gnoll Delver)                    Turns: 3776, Time: 00:17:14

Health: -2/47      AC:  5    Str: 12    XL:     6   Next: 46%
Magic:  9/9        EV: 13    Int: 11    God:    Hepliaklqana [*.....]
Gold:   143        SH:  5    Dex: 13    Spells: 9/9 levels left

rFire    . . .     SeeInvis +   a - +0 falchion
rCold    + . .     Faith    .   (no shield)
rNeg     . . .     Spirit   .   f - +1 leather armour {rC+}
rPois    .         Reflect  +   (no helmet)
rElec    .         Harm     .   h - +0 cloak
rCorr    .         Rampage  .   (no gloves)
Will     .....                  (no boots)
Stlth    ++++......             y - amulet of reflection
HPRegen  0.15/turn              v - ring of see invisible
MPRegen  0.11/turn              (no ring)

@: no status effects
A: reduced essence, fangs 1, strong nose, distributed training
a: Renounce Religion, Recall Ancestor, Ancestor Identity


You were on level 3 of the Dungeon.
You worshipped Hepliaklqana.
Hepliaklqana was aware of your devotion.
You visited 1 branch of the dungeon, and saw 6 of its levels.

You collected 143 gold pieces.


Innate Abilities, Weirdness & Mutations

Your life essence is reduced to manifest your ancestor. (-10% HP)
You have very sharp teeth.
Your uncanny sense of smell can sniff out nearby items.
Your experience applies equally to all skills.


   Skills:
 + Level 6.8 Fighting
 + Level 2.0 Short Blades
 + Level 5.0 Long Blades
 + Level 2.0 Axes
 + Level 2.0 Maces & Flails
 + Level 2.0 Polearms
 + Level 2.0 Staves
 + Level 2.0 Slings
 + Level 2.0 Bows
 + Level 2.0 Crossbows
 + Level 2.0 Throwing
 + Level 2.0 Armour
 + Level 5.0 Dodging
 + Level 9.7 Stealth
 + Level 2.0 Shields
 + Level 2.0 Unarmed Combat
 + Level 2.0 Spellcasting
 + Level 1.5 Conjurations
 + Level 1.5 Hexes
 + Level 1.5 Summonings
 + Level 1.5 Necromancy
 + Level 1.5 Translocations
 + Level 1.5 Transmutations
 + Level 1.5 Fire Magic
 + Level 1.5 Ice Magic
 + Level 1.5 Air Magic
 + Level 1.5 Earth Magic
 + Level 1.5 Poison Magic
 + Level 2.2 Invocations
 + Level 2.0 Evocations


You had 9 spell levels left.
You didn't know any spells.
Your spell library contained the following spells:

 Spells                   Type           Power      Damage    Failure   Level
 Gell's Gravitas          Tloc           2%         N/A       50%         3
 Lesser Beckoning         Tloc           2%         N/A       50%         3
 Teleport Other           Tloc           4%         N/A       50%         3

Inventory:

Hand Weapons
 a - a +0 falchion (weapon)
 l - a +0 glaive
Missiles
 s - 4 silver boomerangs (quivered)
 u - 107 stones
Armour
 b - a +0 leather armour
 f - a +1 leather armour of cold resistance (worn)
 h - a +0 cloak (worn)
 n - a +0 ring mail
 q - a +0 scale mail
Jewellery
 v - a ring of see invisible (left hand)
 y - an amulet of reflection (around neck)
Wands
 g - a wand of digging (3)
Scrolls
 c - 2 scrolls of fog
 d - a scroll of magic mapping
 e - 2 scrolls of fear
 i - 6 scrolls of identify {unknown}
 m - 2 scrolls of noise {unknown}
 o - 3 scrolls of blinking {unknown}
 p - 2 scrolls of teleportation {unknown}
 w - 2 scrolls of enchant weapon {unknown}
 A - a scroll of brand weapon {unknown}
Potions
 j - a potion of ambrosia {unknown}
 k - 2 potions of curing {unknown}
 r - a potion of degeneration {unknown}
 t - a potion of lignification {unknown}
 x - a potion of mutation {unknown}
 z - 2 potions of attraction {unknown}

Dungeon Overview and Level Annotations

Branches:
Dungeon (6/15)
 Temple: D:4-7

Altars:
Elyvilon
Hepliaklqana
Okawaru
Ru
The Shining One

Shops:
D:5 ?

Annotations:
D:3 Pikel

#.# #...#..#.# #....... #.#
#.#..##..# ###.#.#).
#.###'##'##'############.>....#.
#.#.....#.....#.....K....#.#.#..
##.#.....#.....#.#########.....##
...'##'##'##'##'.# ##.#.#..
.###..#.....#..#.# #.....##
.###..#'###'#.K#.# ##.#.##
...#..#.....#..#@# #.....##
.#.'..'..⚑..'.RK.# ##.#†#..
####..#.[...#..#.# #.....#
#..#'###'#..#.# #######
###..#.....#..#.#
##.'##'##'##'##+.# ######
...#.....#...[.### #.....
#..#.....#.....# #.####
#.####+##'##'### #.# #


You could see the friendly Cynebald the ancestor and Pikel (ally target).


Message History

There is an open door here.
There is an open door here.
There is an open door here.
There is an open door here.
There is an open door here.
There is an open door here.
There is an open door here.
Pikel says, "You'll make a fine lemure."
There is an open door here.
There is an open door here.
There is an open door here.
There is an open door here.
There is an open door here.
Cynebald emerges from the mists of memory!
Pikel barely misses you.
You riposte.
You hit Pikel but do no damage.
Pikel is severely wounded.
You barely miss Pikel. You bite Pikel, but do no damage.
Pikel is severely wounded.
Pikel barely misses you.
You hit Pikel.
Pikel is severely wounded.
Pikel hits you with a +0 whip of flaming!
* * * LOW HITPOINT WARNING * * *
Pikel burns you.
* * * LOW HITPOINT WARNING * * *
Cynebald barely misses Pikel.
You miss Pikel.
Pikel is severely wounded.
Pikel hits you with a +0 whip of flaming!
You die...

Skill      XL: |  1  2  3  4  5  6 |
---------------+-------------------+-----
Stealth        | |  9.7
Short Blades   | 1 2 |  2.0
Axes           | 1 2 |  2.0
Maces & Flails | 1 2 |  2.0
Polearms       | 1 2 |  2.0
Staves         | 1 2 |  2.0
Slings         | 1 2 |  2.0
Bows           | 1 2 |  2.0
Crossbows      | 1 2 |  2.0
Throwing       | 1 2 |  2.0
Armour         | 1 2 |  2.0
Shields        | 1 2 |  2.0
Unarmed Combat | 1 2 |  2.0
Spellcasting   | 1 2 |  2.0
Invocations    | 1 2 |  2.2
Evocations     | 1 2 |  2.0
Conjurations   | 1 |  1.5
Hexes          | 1 |  1.5
Summonings     | 1 |  1.5
Necromancy     | 1 |  1.5
Translocations | 1 |  1.5
Transmutations | 1 |  1.5
Fire Magic     | 1 |  1.5
Ice Magic      | 1 |  1.5
Air Magic      | 1 |  1.5
Earth Magic    | 1 |  1.5
Poison Magic   | 1 |  1.5
Long Blades    | 5 |  5.0
Dodging        | 5 |  5.0
Fighting       | |  6.8

Action                   |  1- 3 |  4- 6 || total
-------------------------+-------+-------++-------
Melee: Falchion          |    45 |   193 ||   238
       Bite              |     5 |    21 ||    26
       Punch             |     1 |     2 ||     3
Invok: Recall Ancestor   |       |     2 ||     2
       Ancestor Identity |       |     1 ||     1
  Use: Potion            |       |     1 ||     1
 Stab: Sleeping          |     6 |    11 ||    17
Armor: Leather armour    |    12 |    33 ||    45
       Ring mail         |       |    32 ||    32
Dodge: Dodged            |    41 |   116 ||   157
Block: Other             |       |    16 ||    16
       Rpst.: Falchion   |    12 |    38 ||    50

Levels and vault maps discovered:
D:1:      lightli_arrival_statue_moat, layout_rooms
D:2:      layout_basic, uniq_jessica
D:3:      layout_basic, lemuel_zombie_altar_yredelemnul,
          mainiacjoe_overflow_24_doors, st_stairs_13
D:4:      layout_loops_ring, mainiacjoe_overflow_tiny_flanked, uniq_menkaure,
          uniq_pikel
D:5:      layout_loops_ring, nicolae_ru_sacrificial_ziggurat,
          kennysheep_little_box, mainiacjoe_overflow_chevrons, serial_shops,
          nicolae_stop_n_shop_2, uniq_sigmund, uniq_blork_the_orc, uniq_edmund
D:6:      layout_gridville, lemuel_round_altar

Notes
Turn   | Place    | Note
-------+----------+-------------------------------------------
     0 | D:5      | Reached skill level 9 in Stealth
     0 | D:5      | AIAndy the Gnoll Delver began the quest for the Orb.
     0 | D:5      | Reached XP level 1. HP: 23/23 MP: 1/1
     6 | D:5      | Noticed an ogre
    29 | D:4      | Found a glowing golden altar of the Shining One.
    38 | D:4      | Noticed a lemure
    48 | D:4      | Noticed Pikel
    48 | D:4      | Noticed a lemure
    50 | D:4      | Noticed a lemure
    51 | D:4      | Noticed a lemure
   415 | D:3      | Reached XP level 2. HP: 29/29 MP: 2/2
   506 | D:3      | Found a hazy altar of Hepliaklqana.
   523 | D:3      | Became a worshipper of Hepliaklqana the Forgotten
   570 | D:3      | Reached XP level 3. HP: 35/35 MP: 3/3
   577 | D:3      | Reached skill level 1 in Short Blades
   577 | D:3      | Reached skill level 1 in Axes
   577 | D:3      | Reached skill level 1 in Maces & Flails
   577 | D:3      | Reached skill level 1 in Polearms
   577 | D:3      | Reached skill level 1 in Staves
   577 | D:3      | Reached skill level 1 in Slings
   577 | D:3      | Reached skill level 1 in Bows
   577 | D:3      | Reached skill level 1 in Crossbows
   577 | D:3      | Reached skill level 1 in Throwing
   577 | D:3      | Reached skill level 1 in Armour
   577 | D:3      | Reached skill level 1 in Shields
   577 | D:3      | Reached skill level 1 in Unarmed Combat
   577 | D:3      | Reached skill level 1 in Spellcasting
   577 | D:3      | Reached skill level 1 in Invocations
   577 | D:3      | Reached skill level 1 in Evocations
   781 | D:3      | Reached XP level 4. HP: 41/41 MP: 5/5
   809 | D:2      | Noticed Jessica
   818 | D:2      | Killed Jessica
   989 | D:1      | Reached skill level 1 in Conjurations
   989 | D:1      | Reached skill level 1 in Hexes
   989 | D:1      | Reached skill level 1 in Summonings
   989 | D:1      | Reached skill level 1 in Necromancy
   989 | D:1      | Reached skill level 1 in Translocations
   989 | D:1      | Reached skill level 1 in Transmutations
   989 | D:1      | Reached skill level 1 in Fire Magic
   989 | D:1      | Reached skill level 1 in Ice Magic
   989 | D:1      | Reached skill level 1 in Air Magic
   989 | D:1      | Reached skill level 1 in Earth Magic
   989 | D:1      | Reached skill level 1 in Poison Magic
  1583 | D:1      | Reached XP level 5. HP: 47/47 MP: 6/6
  1831 | D:2      | Reached * piety under Hepliaklqana
  2220 | D:3      | You fall into a shaft and drop 3 floors!
  2230 | D:6      | Found an iron altar of Okawaru.
  2584 | D:6      | Noticed a phantom
  2590 | D:5      | Found a white marble altar of Elyvilon.
  2605 | D:5      | Found a sacrificial altar of Ru.
  2732 | D:5      | Reached skill level 2 in Invocations
  2732 | D:5      | Reached XP level 6. HP: 44/47 MP: 8/8
  2985 | D:5      | Reached skill level 5 in Long Blades
  2985 | D:5      | Reached skill level 5 in Dodging
  3037 | D:5      | Noticed a necrophage
  3074 | D:4      | Reached skill level 2 in Short Blades
  3074 | D:4      | Reached skill level 2 in Axes
  3074 | D:4      | Reached skill level 2 in Maces & Flails
  3074 | D:4      | Reached skill level 2 in Polearms
  3074 | D:4      | Reached skill level 2 in Staves
  3074 | D:4      | Reached skill level 2 in Slings
  3074 | D:4      | Reached skill level 2 in Bows
  3074 | D:4      | Reached skill level 2 in Crossbows
  3074 | D:4      | Reached skill level 2 in Throwing
  3074 | D:4      | Reached skill level 2 in Armour
  3074 | D:4      | Reached skill level 2 in Shields
  3074 | D:4      | Reached skill level 2 in Unarmed Combat
  3074 | D:4      | Reached skill level 2 in Spellcasting
  3074 | D:4      | Reached skill level 2 in Evocations
  3677 | D:3      | HP: 2/47 [Pikel (4)]
  3776 | D:3      | Slain by Pikel

Vanquished Creatures
  A jelly (D:5)
  An orc priest (D:3)
  A bullfrog skeleton (D:5)
  Jessica (D:2)
  2 adders (D:3)
  A worm (D:3)
  6 dart slugs
  8 orcs
  4 endoplasms
  A giant cockroach (D:1)
  2 goblins (D:1)
  5 hobgoblins
  4 kobolds
  5 quokkas
  2 ball pythons
  7 bats
  A frilled lizard (D:3)
  7 rats
59 creatures vanquished.

Vanquished Creatures (collateral kills)
  A wyvern zombie (D:6)
  An iguana (D:5)
  A scorpion zombie (D:5)
  A dart slug (D:2)
  An endoplasm (D:3)
5 creatures vanquished.

Vanquished Creatures (others)
  3 ancestors
3 creatures vanquished.

Grand Total: 67 creatures vanquished

Table legend: (Time is in decaauts)
 A = Elapsed time spent in this place.
 B = Non-inter-level travel time spent in this place.
 C = Inter-level travel time spent in this place.
 D = Time resting spent in this place.
 E = Time spent auto-exploring this place.
 F = Levels seen in this place.
 G = Mean time per level.
                   A        B        C        D        E       F      G
               +--------+--------+--------+--------+--------+-----+--------+
         Total |   3779 |   3708 |     71 |   1159 |   1599 |   6 |  629.8 |
       Dungeon |   3779 |   3708 |     71 |   1159 |   1599 |   6 |  629.8 |
               +--------+--------+--------+--------+--------+-----+--------+

Top non-repeatable levels by time:
     D:3: 1108 daAuts
     D:1: 829 daAuts
     D:2: 801 daAuts
     D:5: 484 daAuts
     D:6: 370 daAuts
     D:4: 186 daAuts

Table legend:
 A = Non-vault XP
 B = Vault XP
 C = Vault XP percentage of total XP
 D = Non-vault monster count
 E = Vault monster count
 F = Vault count percentage of total count
                 A         B        C        D         E       F
            +---------+---------+-------+---------+---------+-------
      Total |     421 |      38 |   8.3 |      62 |       2 |   3.1
            +---------+---------+-------+---------+---------+-------
        D:1 |      55 |       0 |   0.0 |      26 |       0 |   0.0
        D:2 |       8 |      37 |  82.2 |       5 |       1 |  16.7
        D:3 |     116 |       1 |   0.9 |      24 |       1 |   4.0
        D:4 |       3 |       0 |   0.0 |       1 |       0 |   0.0
        D:5 |     159 |       0 |   0.0 |       5 |       0 |   0.0
        D:6 |      80 |       0 |   0.0 |       1 |       0 |   0.0
            +---------+---------+-------+---------+---------+-------
